 Dungeon Crawl Stone Soup version 0.30.1-4-g462c640d31 (webtiles) character file.

Game seed: 685586104908269314

67 Inchmeat the Trooper (level 4, -4/41 (42) HPs)
             Began as an Armataur Warper on Aug 17, 2023.
             Slain by Crazy Yiuf
             ... wielding a +2 quarterstaff of chaos
              (5 damage)
             ... on level 2 of the Dungeon.
             The game lasted 00:05:03 (1469 turns).

Inchmeat the Trooper (Armataur Warper)              Turns: 1469, Time: 00:05:04

HP:   -4/41 (42)    AC:  8    Str: 10 (16) XL:     4   Next: 0%
MP:   1/6           EV:  7    Int: 11 (15) God:
Gold: 77            SH:  0    Dex:  4 (10) Spells: 1/6 levels left

rFire   + . .        a - +0 mace
rCold   . . .        (no shield)
rNeg    . . .        i - +3 ring mail {rPois}
rPois   +            (no helmet)
rElec   .            (no cloak)
rCorr   .            (no gloves)
SInv    .            (no barding)
Will    .....        (no amulet) Stlth
                     (no ring)
HPRegen 0.00/turn    (no ring)
MPRegen 0.10/turn

%: roll
@: inhibited regen, lightly drained
A: large, rugged brown scales 3, deformed body, armoured tail, roll, long
tongue, awkward tongue, fire resistance 1, mutation resistance 1, inhibited
regeneration
a: no special abilities


You were on level 2 of the Dungeon.
You visited 1 branch of the dungeon, and saw 2 of its levels.

You collected 77 gold pieces.

Inventory:

Hand Weapons
 a - a +0 mace (weapon)
Missiles
 d - 7 boomerangs of dispersal (quivered)
Armour
 b - a +0 leather armour
 i - a +3 ring mail of poison resistance (worn)
 n - a +0 helmet
Magical Staves
 o - a staff of air
Jewellery
 N - a ring of positive energy
Scrolls
 j - a scroll of poison {unknown}
 k - a scroll of teleportation {unknown}
 m - a scroll of identify {unknown}
 p - a scroll of fear {unknown}
 B - a scroll of blinking
Potions
 c - a potion of berserk rage {unknown}
 e - a potion of flight {unknown}
 g - a potion of resistance {unknown}
 h - a potion of curing {unknown}


   Skills:
 * Level 3.9 Fighting
 - Level 1.7 Maces & Flails
 - Level 0.8 Throwing
 - Level 1.2 Armour
 - Level 1.3 Dodging
 - Level 1.7 Spellcasting
 - Level 3.0 Translocations


You had one spell level left.
You knew the following spells:

 Your Spells              Type           Power      Damage    Failure   Level
a - Vhi's Electric Charg  Tloc/Air       8%         N/A       77%         3
b - Blink                 Tloc           14%        N/A       32%         2

Your spell library contained the following spells:

 Spells                   Type           Power      Damage    Failure   Level
 Lesser Beckoning         Tloc           14%        N/A       32%         2
 Teleport Other           Tloc           7%         N/A       54%         3
 Manifold Assault         Tloc           7%         N/A       91%         4


Dungeon Overview and Level Annotations

Branches:
Dungeon (2/15)

Altars:

Annotations:
D:2 Crazy Yiuf


Innate Abilities, Weirdness & Mutations

You are completely covered in rugged brown scales. (AC +3, +7% HP)
Armour fits poorly on your strangely shaped body.
You have a long armoured tail.
You roll when moving toward enemies. (Rampage)
Your long tongue fully drains potion bottles. (2x potion effects)
Your tongue gives you trouble enunciating. (1.5x scroll delay)
Your flesh is heat resistant. (rF+)
You are somewhat resistant to further mutation.
You do not regenerate when monsters are visible.


Message History

Crazy Yiuf is lightly wounded.
Crazy Yiuf hits you but does no damage.
You barely miss Crazy Yiuf.
Crazy Yiuf is lightly wounded.
Crazy Yiuf zaps a wand.
The puff of flame hits you but does no damage.
You hit Crazy Yiuf.
Crazy Yiuf is moderately wounded.
Crazy Yiuf hits you with a +2 quarterstaff of chaos!
You feel your power leaking away.
Crazy Yiuf laughs, "Flower!"
Crazy Yiuf hits you with a +2 quarterstaff of chaos!
Crazy Yiuf freezes you.
You take 24 damage, and have 18/42 hp.
MASSIVE DAMAGE!!
You now have 1/6 mp.
Crazy Yiuf attacks as you move away! Crazy Yiuf barely misses you.
Crazy Yiuf attacks as you move away! Crazy Yiuf closely misses you.
Crazy Yiuf cries, "Scoff agre arga!"
Cast which spell? (? or * to list)
You don't have enough magic to cast this spell.
Crazy Yiuf attacks as you move away!
Crazy Yiuf hits you with a +2 quarterstaff of chaos.
You feel drained.
You take 2 damage, and have 17/41 hp.
Crazy Yiuf attacks as you move away!
Crazy Yiuf hits you with a +2 quarterstaff of chaos!
* * * LOW HITPOINT WARNING * * *
Crazy Yiuf zaps a wand.
The puff of flame hits you!
* * * LOW HITPOINT WARNING * * *
You take 16 damage, and have 1/41 hp.
MASSIVE DAMAGE!!
It was a potion of degeneration.
There was something very wrong with that liquid.
You feel weakened.
You feel dopey.
You feel clumsy.
You slurp down every last drop of the potion of degeneration!
It was a potion of mutation.
You feel extremely strange.
You feel resistant to heat.
Your regeneration stops near monsters.
Your fingernails lengthen.
Your fingernails shrink to normal size.
You feel genetically stable.
You slurp down every last drop of the potion of mutation!
Crazy Yiuf hits you with a +2 quarterstaff of chaos.
You die...

#.#
#..###########.#
#.#
#..............#
#.#
#..###########)#
#.# #### #.## #.#
#..# #.# ##.# #.#
#### ♣♣###.# #.#
#)..#♣♣ ♣♣P....#
#.#
#...'.♣♣♣♣g@....#
#.#
#...#♣..♣.PP...##
#.## ####
♣♣♣.♣.P..## ...#
♣♣♣♣♣### #..#
######## ###
#.##.# #.# #.##.#
#.# #.##.# #.#


You could see Crazy Yiuf.

Vanquished Creatures
  Robin (D:2)
  A dart slug (D:1)
  3 ball pythons (D:1)
  5 bats
  2 endoplasms (D:1)
  3 giant cockroaches (D:1)
  12 goblins
  7 hobgoblins
  3 jackals (D:1)
  3 quokkas
  A kobold (D:1)
  3 rats
44 creatures vanquished.

Notes
Turn   | Place    | Note
-------+----------+-------------------------------------------
     0 | D:1      | Inchmeat the Armataur Warper began the quest for the Orb.
     0 | D:1      | Reached XP level 1. HP: 18/18 MP: 3/3
   110 | D:1      | Reached XP level 2. HP: 21/26 MP: 4/4
   481 | D:1      | Reached XP level 3. HP: 24/33 MP: 5/5
   522 | D:1      | Learned a level 2 spell: Blink
   526 | D:1      | Learned a level 3 spell: Vhi's Electric Charge
   884 | D:2      | Found a faded altar of an unknown god.
   903 | D:2      | Noticed Robin
   935 | D:2      | Killed Robin
  1167 | D:2      | Found a runed translucent door.
  1168 | D:2      | Noticed Crazy Yiuf
  1305 | D:2      | Reached XP level 4. HP: 42/42 MP: 6/6
  1467 | D:2      | HP: 1/41 [Crazy Yiuf/puff of flame (10)]
  1469 | D:2      | Gained mutation: Your flesh is heat resistant. (rF+)
                  | [potion of mutation]
  1469 | D:2      | Gained mutation: You do not regenerate when monsters are
                  | visible. [potion of mutation]
  1469 | D:2      | Gained mutation: You have sharp fingernails. [potion of
                  | mutation]
  1469 | D:2      | Lost mutation: You have sharp fingernails. [potion of
                  | mutation]
  1469 | D:2      | Gained mutation: You are somewhat resistant to further
                  | mutation. [potion of mutation]
  1469 | D:2      | Slain by Crazy Yiuf

Illustrated notes

Levels and vault maps discovered:
D:1:      amcnicky_arrival_blooded_trapdoor, layout_basic, due_unseen_surprise
D:2:      layout_loops_ring, ebering_ecumenical_altar_mist, uniq_robin,
          uniq_crazy_yiuf_cottage

Skill      XL: |  1  2 |
---------------+-------+-----
Fighting       | 2 3 |  3.9
Maces & Flails | |  1.7
Throwing       | |  0.8
Armour         | |  1.2
Dodging        | |  1.3
Spellcasting   | |  1.7
Translocations | |  3.0

Action                     |  1- 3 |  4- 6 || total
---------------------------+-------+-------++-------
  Melee: Mace              |   113 |     3 ||   116
         Tailslap          |    11 |       ||    11
         Punch             |     1 |       ||     1
    Use: Potion            |       |     2 ||     2
 Armour: Leather armour    |    33 |       ||    33
         Ring mail         |    43 |     3 ||    46
  Dodge: Dodged            |    58 |     2 ||    60
